 Dungeon Crawl Stone Soup version 0.27.1 (webtiles) character file.

Game seed: 5015957779654593847

7 funkygono the Firebug (level 2, 0/15 HPs)
             Began as a Gargoyle Fire Elementalist on Aug 30, 2021.
             Slain by a giant cockroach (1 damage)
             ... on level 1 of the Dungeon.
             The game lasted 00:00:42 (292 turns).

funkygono the Firebug (Gargoyle Fire Elementalist)   Turns: 292, Time: 00:00:42

Health: 0/15       AC:  4    Str: 11    XL:     2   Next: 0%
Magic:  5/5        EV: 12    Int: 15    God:
Gold:   0          SH:  0    Dex: 10    Spells: 4/5 levels left

rFire    . . .     SeeInvis .   (no weapon)
rCold    . . .     Faith    .   (no shield)
rNeg     + . .     Spirit   .   a - +0 robe
rPois    ∞         Reflect  .   (no helmet)
rElec    +         Harm     .   (no cloak)
rCorr    .         Rampage  .   (no gloves)
Will     .....                  (no boots)
Stlth    ++........             (no amulet)
HPRegen  0.05/turn              (no ring)
MPRegen  0.09/turn              (no ring)

@: no status effects
A: sickness immunity, AC +2, negative energy resistance 1, electricity
resistance, torment resistance 1, petrification resistance
a: no special abilities


You were on level 1 of the Dungeon.
You visited 1 branch of the dungeon, and saw 1 of its levels.

Inventory:

Armour
 a - a +0 robe (worn)
Potions
 b - a potion of flight {unknown}


   Skills:
 + Level 1.6 Dodging
 - Level 2.1 Stealth
 * Level 2.1 Spellcasting
 * Level 1.2 Conjurations
 * Level 3.3 Fire Magic


You had 4 spell levels left.
You knew the following spells:

 Your Spells              Type           Power      Damage    Failure   Level
a - Foxfire               Conj/Fire      32%        2x1d5     9%          1

Your spell library contained the following spells:

 Spells                   Type           Power      Damage    Failure   Level
 Conjure Flame            Conj/Fire      8%         6-21      26%         3
 Inner Flame              Hex/Fire       6%         N/A       32%         3
 Sticky Flame             Conj/Fire      8%         2d3       65%         4
 Fireball                 Conj/Fire      4%         3d4       94%         5


Dungeon Overview and Level Annotations

Branches:
Dungeon (1/15)

Altars:


Innate Abilities, Weirdness & Mutations

You are immune to sickness and miasma.
Your stone body is resilient. (AC +2)
You are immune to poison.
You resist negative energy. (rN+)
You are resistant to electric shocks. (rElec)
You are resistant to unholy torment.
You are immune to petrification.


Message History

The giant cockroach is severely wounded.
The giant cockroach bites you. The goblin hits you with a +0 dagger.
You hit the giant cockroach but do no damage.
The giant cockroach is severely wounded.
The giant cockroach misses you. The goblin hits you with a +0 dagger.
* * * LOW HITPOINT WARNING * * *
Casting: Foxfire (safe; 9% risk of failure)
Confirm with . or Enter, or press ? or * to list all spells.
There is not enough space to conjure foxfire!
Casting: Foxfire (safe; 9% risk of failure)
Confirm with . or Enter, or press ? or * to list all spells.
There is not enough space to conjure foxfire!
Unknown command.
You closely miss the giant cockroach.
The giant cockroach is severely wounded.
The giant cockroach bites you but does no damage.
The goblin misses you.
The giant cockroach bites you but does no damage.
You closely miss the goblin. The goblin hits you but does no damage.
The giant cockroach bites you but does no damage.
You closely miss the goblin. The giant cockroach bites you.
* * * LOW HITPOINT WARNING * * *
The goblin misses you.
You closely miss the goblin.
The giant cockroach completely misses you.
The goblin hits you but does no damage.
You hit the goblin but do no damage.
The giant cockroach bites you but does no damage.
The goblin hits you but does no damage.
You hit the goblin.
The goblin is heavily wounded.
The giant cockroach barely misses you. The goblin closely misses you.
The giant cockroach bites you but does no damage.
You hit the goblin but do no damage.
The goblin is heavily wounded.
The goblin completely misses you. The giant cockroach closely misses you.
You hit the goblin but do no damage.
The goblin is heavily wounded.
The giant cockroach bites you.
You die...

≈≈≈≈≈..<..≈≈≈≈≈..#
#.#
..≈≈≈≈...≈≈≈≈....#
#.#
....≈≈≈≈≈≈≈.....##
#.#
...≈..≈≈≈..≈...##
#.# ##
..≈....≈....≈..8#
#.# #.#
....#..≈..#.....#
#.##.#
..####...####...
###.#.# ##
##.####### #..#.#
#@######.#.#.#
#gBJgB.....##.#
##r##g###......#
#J###.##..#####
..#.$.#...#
#...#...#..#
J..##.###..#
###.###.##..# #..
..


You could see 2 endoplasms, 2 giant cockroaches, a hobgoblin, 2 goblins and a
rat.

Vanquished Creatures
  3 hobgoblins (D:1)
  A kobold (D:1)
  2 frilled lizards (D:1)
6 creatures vanquished.

Vanquished Creatures (others)
  14 foxfires (D:1)
14 creatures vanquished.

Grand Total: 20 creatures vanquished

Notes
Turn   | Place    | Note
-------+----------+-------------------------------------------
     0 | D:1      | funkygono the Gargoyle Fire Elementalist began the quest
                  | for the Orb.
     0 | D:1      | Reached XP level 1. HP: 10/10 MP: 3/3
   181 | D:1      | Reached XP level 2. HP: 11/15 MP: 0/5
   292 | D:1      | Slain by a giant cockroach

Illustrated notes

Levels and vault maps discovered:
D:1:      eino_arrival_water_star, layout_loops_ring, basic_ecumenical_altar,
          minmay_pentomino_p4

Action                   || total
-------------------------++-------
Melee: Unarmed           ||    12
 Cast: Foxfire           ||    10
Armor: Robe              ||    12
Dodge: Dodged            ||    14
